 Dungeon Crawl Stone Soup version 0.21.0 (webtiles) character file.

137800 AllRandomAllDemise the Bludgeoner (level 16, -2/146 HPs)
             Began as a Demigod Assassin on Jan 7, 2018.
             Killed from afar by a naga mage (23 damage)
             ... with a poison arrow
             ... on level 3 of the Snake Pit on Jan 9, 2018.
             The game lasted 00:47:18 (45856 turns).

AllRandomAllDemise the Bludgeoner (DgAs)           Turns: 45856, Time: 00:47:18

Health: -2/146     AC: 25    Str: 22    XL:     16   Next: 19%
Magic:  19/19      EV: 11    Int: 18    God:
Gold:   1010       SH:  0    Dex: 19    Spells: 15/15 levels left

rFire    + . .     SeeInvis +   a - +9 great mace "Paocal" {drain, Int+3}
rCold    . . .     Gourm    .   (shield currently unavailable)
rNeg     . . .     Faith    .   T - +0 plate armour
rPois    .         Spirit   .   K - +2 helmet {SInv}
rElec    .         Reflect  .   d - +2 cloak
rCorr    .         Harm     .   i - +1 pair of gloves {archery}
MR       ++...                  l - +0 pair of boots
Stlth    ..........             (no amulet)
HPRegen  0.34/turn              n - ring of protection from magic
MPRegen  0.16/turn              G - ring of protection from fire

@: lethally poisoned (-2 -> -11), hasted, very quick
A: high mp 1
a: no special abilities


You were on level 3 of the Snake Pit.
You were not hungry.

You visited 4 branches of the dungeon, and saw 26 of its levels.
You also visited: Ice Cave.

You collected 2616 gold pieces.
You spent 1606 gold pieces at shops.

Inventory:

Hand Weapons
 a - the +9 great mace "Paocal" (weapon) {drain, Int+3}
   (You took it off a tengu reaver on level 13 of the Dungeon)

   A truly terrible weapon, it drains the life of those it strikes.
   It affects your intelligence (+3).
 b - a +1 blowgun
 E - the +10 mace of Kepul {speed, *Drain rF++ MR+ Stlth+}
   (You found it on level 4 of the Dungeon)

   Attacks with this weapon are significantly faster.
   It greatly protects you from fire.
   It affects your resistance to hostile enchantments.
   It causes draining when unequipped.
   It makes you more stealthy.
Missiles
 e - 105 poisoned needles
 f - a curare-tipped needle
Armour
 d - a +2 cloak (worn)
 i - a +1 pair of gloves of archery (worn)
 l - a +0 pair of boots (worn)
 D - a scarf of cloud immunity
 K - a +2 helmet of see invisible (worn)
 O - a +0 buckler of protection
 T - a +0 plate armour (worn)
Jewellery
 h - an uncursed ring of positive energy
 n - a ring of protection from magic (left hand)
 G - a ring of protection from fire (right hand)
Wands
 r - a wand of digging (12)
 s - a wand of flame (7)
 y - a wand of polymorph (15)
 V - a wand of paralysis (8)
 W - a wand of disintegration (34)
 X - a wand of iceblast (10)
Scrolls
 j - 3 scrolls of enchant armour
 k - 5 scrolls of amnesia
 o - 3 scrolls of silence
 u - 9 scrolls of remove curse
 F - 7 scrolls of teleportation
 H - 9 scrolls of identify
 I - 3 scrolls of fear
 N - 4 scrolls of fog
 R - 2 scrolls of magic mapping
Potions
 g - 3 potions of ambrosia
 p - 5 potions of agility
 q - 4 potions of lignification {!q}
 t - 2 potions of resistance
 v - 2 potions of brilliance
 w - 2 potions of mutation {!q!q}
 z - 11 potions of curing
 A - 5 potions of flight
 C - 4 potions of invisibility
 L - 3 potions of magic
 S - a potion of cancellation
Books
 x - a book of Unlife

   Spells                             Type                      Level
   a - Recall                         Summoning/Translocation      3
   b - Animate Dead                   Necromancy                   4
   c - Borgnjor's Vile Clutch         Necromancy/Earth             5
   d - Death Channel                  Necromancy                   6
   e - Simulacrum                     Ice/Necromancy               6
Miscellaneous
 m - a lightning rod (4/4) {!a}
 J - a phial of floods (inert)
 Q - a lamp of fire
Comestibles
 c - 25 rations


   Skills:
 + Level 14.0 Fighting
   Level 2.0 Short Blades
 * Level 17.4 Maces & Flails
   Level 5.2 Polearms
 - Level 4.1 Throwing
 + Level 10.8 Armour
 + Level 7.0 Dodging
 - Level 3.6 Stealth
 - Level 7.7 Shields


You had 15 spell levels left.
You didn't know any spells.

Dungeon Overview and Level Annotations

Branches:
Dungeon (15/15)            Temple (0/1) D:6            Lair (6/6) D:11
 Shoals (0/4) Lair:2        Snake (3/4) Lair:4        Slime (0/5) Lair:5
    Orc (2/2) D:11            Elf (0/3) Orc:2        Depths (0/5) D:15
 Vaults: D:13-14

Shops:
D:8 *   Orc:1 *   Orc:2 (::*   Snake:1 !

Annotations:
D:4 1 runed door
D:10 Maurice, Snorg
D:15 3 runed doors
Lair:4 exclusion: 2 doors
Snake:3 Kirke


Innate Abilities, Weirdness & Mutations

You have an increased reservoir of magic. (+10% MP)


Message History

The naga warrior grabs you.
* * * LOW HITPOINT WARNING * * *
The naga warrior constricts you.
As you read the scroll of fear, it crumbles to dust.
You assume a fearsome visage.
The naga mage resists with almost no effort.
The naga warrior looks frightened!
You feel sick.
The naga mage hits you but does no damage.
The naga mage spits poison at you. The splash of poison hits you!
You are lethally poisoned!
Unknown command.
You feel better. The naga warrior loses its grip on you.
The naga mage barely misses you. x2
Unknown command.
You feel yourself speed up.
The naga mage points at you and mumbles some strange words.
The poison arrow hits you!
You are poisoned.
You die...

#...............#
#.......#.......#
##.....###.....##
##.....###...##
##.###N# #####
#<.# #.# #...)[##
#.# ....######
#.## #. ....#.@##
#....N####
####N....#######
###..........
###.###### #)#
#..NN# .....#
.#.####


You could see a naga warrior (fleeing), a naga mage and a naga (fleeing).

Vanquished Creatures
  Rupert (Lair:5)
  A tengu reaver (D:13)
  A frost giant (D:13)
  Aizul (Snake:2)
  A very ugly thing (D:13)
  2 ettins (D:13)
  The ghost of AllRandomAllDemise the Severer, a journeyman MiBe of Trog (Lair:2)
  6 naga warriors
  Erolcha (D:9)
  5 hydras
  3 catoblepae (Lair:6)
  A rakshasa (D:15)
  9 anacondas
  6 centaur warriors
  An anaconda (shapeshifter) (D:15)
  8 two-headed ogres
  12 death yaks
  An ogre mage (D:15)
  A tengu warrior (D:15)
  5 shock serpents
  3 orc high priests (Orc:2)
  Nergalle (Orc:1)
  A salamander mystic (Snake:2)
  2 unseen horrors
  A naga ritualist (Snake:2)
  5 orc knights
  Pikel (D:9)
  14 ugly things
  4 mana vipers
  5 manticores
  A deep elf mage (D:15)
  4 orc sorcerers
  7 salamanders
  6 cyclopes
  3 ice statues (IceCv)
  Joseph (D:7)
  3 guardian serpents
  8 spiny frogs
  A gargoyle (D:12)
  7 naga magi
  20 black mambas
  2 rime drakes (shapeshifter)
  A rime drake (Lair:3)
  5 komodo dragons
  A freezing wraith (D:15)
  2 efreet
  3 meliai (D:15)
  A tengu conjurer (D:14)
  4 polar bears
  Grinder (D:6)
  9 trolls
  A wolf spider simulacrum (D:14)
  A hornet (D:15)
  24 blink frogs
  10 slime creatures
  7 dream sheep (Lair:4)
  11 hippogriffs
  Sigmund (D:2)
  A shadow (D:13)
  6 wyverns
  A human (D:8)
  9 hogs
  63 yaks
  2 wraiths
  3 hungry ghosts
  A basilisk (Lair:3)
  Grum (D:9)
  Edmund (D:5)
  26 nagas
  8 vampire mosquitoes (D:15)
  3 wargs
  A soldier ant (D:11)
  19 water moccasins
  2 acid dragons
  14 porcupines
  7 sky beasts
  A swamp drake (shapeshifter) (D:13)
  21 ice beasts
  20 orc warriors
  A phantom (D:9)
  4 black bears
  The ghost of AllRandomAllDemise the Sneak, an amateur DgAs (D:3)
  11 ogres
  12 boggarts
  9 wolves
  15 centaurs
  18 crocodiles
  2 big kobolds
  12 bullfrogs
  A gnoll sergeant (D:9)
  7 scorpions
  A wyvern skeleton (D:10)
  9 killer bees
  3 wights (D:9)
  An electric eel (Lair:1)
  5 howler monkeys
  5 crimson imps
  2 quasits
  6 centaur zombies
  5 hounds
  12 jellies
  A bullfrog skeleton (D:5)
  2 gnoll shamans
  18 orc priests
  4 centaur skeletons
  Jessica (D:2)
  Terence (D:3)
  5 iguanas
  24 orc wizards
  Natasha (thrice) (D:3 D:5)
  11 worker ants
  A hound skeleton (D:7)
  A hound zombie (D:9)
  Robin (D:1)
  A howler monkey zombie (D:5)
  19 gnolls
  10 adders
  3 shadow imps
  5 oozes
  2 adder zombies
  5 adder skeletons
  A worm (D:2)
  3 dart slugs
  5 leopard geckos
  67 orcs
  4 giant cockroaches
  6 hobgoblins
  14 jackals
  15 kobolds
  6 quokkas
  6 ball pythons
  6 bats
  5 frilled lizards
  23 goblins
  A leopard gecko skeleton (D:5)
  8 rats
  A fungus (Lair:4)
890 creatures vanquished.

Vanquished Creatures (collateral kills)
  A salamander (Snake:1)
1 creature vanquished.

Vanquished Creatures (others)
  An ugly thing (IceCv)
  An orc warrior (Orc:2)
  An orc wizard (Orc:2)
  4 orcs
  A fungus (Lair:2)
  41 plants
49 creatures vanquished.

Grand Total: 940 creatures vanquished

Notes
Turn   | Place    | Note
-------+----------+-------------------------------------------
     0 | D:1      | AllRandomAllDemise the Demigod Assassin began the quest for the Orb.
     0 | D:1      | Reached XP level 1. HP: 17/17 MP: 3/3
   372 | D:1      | Reached XP level 2. HP: 21/24 MP: 4/4
   546 | D:1      | Reached skill level 1 in Polearms
   757 | D:1      | Reached XP level 3. HP: 23/29 MP: 5/5
   996 | D:2      | Noticed a centaur
  1012 | D:2      | Killed a centaur
  1012 | D:2      | Reached XP level 4. HP: 7/37 MP: 6/6
  1258 | D:2      | Noticed Sigmund
  1645 | D:2      | Noticed Robin
  2057 | D:1      | Killed Robin
  2198 | D:2      | Noticed Jessica
  2211 | D:2      | Killed Jessica
  2211 | D:2      | Reached XP level 5. HP: 45/45 MP: 7/7
  2839 | D:2      | Killed Sigmund
  2839 | D:2      | Reached XP level 6. HP: 41/51 MP: 8/8
  2964 | D:3      | Noticed Terence
  2970 | D:3      | Killed Terence
  3196 | D:3      | Noticed Natasha
  3201 | D:3      | Killed Natasha
  3286 | D:3      | Noticed AllRandomAllDemise's ghost (amateur DgAs)
  3317 | D:3      | Killed AllRandomAllDemise's ghost
  3890 | D:4      | Reached XP level 7. HP: 58/58 MP: 9/9
  4010 | D:4      | Reached skill level 5 in Polearms
  4294 | D:4      | Found a runed door.
  4299 | D:4      | Got a twisted mace
  4300 | D:4      | Identified the +10 mace of Kepul {speed, *Drain rF++ MR+ Stlth+} (You found it on level 4 of the Dungeon)
  4302 | D:4      | Got a transparent mace
  4308 | D:4      | Identified the +6 mace "Woruir" {crush, rElec rC- Str+5 Stlth+} (You found it on level 4 of the Dungeon)
  4394 | D:4      | Reached skill level 1 in Maces & Flails
  4626 | D:5      | Entered Level 5 of the Dungeon
  4766 | D:5      | Reached skill level 2 in Maces & Flails
  5217 | D:5      | Reached skill level 3 in Maces & Flails
  5338 | D:5      | Noticed Edmund
  5341 | D:5      | Reached XP level 8. HP: 67/67 MP: 10/10
  5349 | D:5      | Killed Edmund
  5349 | D:5      | Reached skill level 5 in Fighting
  5442 | D:5      | Found a deep blue altar of Sif Muna.
  5530 | D:5      | Reached skill level 4 in Maces & Flails
  5718 | D:6      | Noticed Grinder
  5730 | D:6      | Noticed Natasha
  5821 | D:5      | Killed Natasha
  5967 | D:6      | Killed Grinder
  5967 | D:6      | Reached skill level 5 in Maces & Flails
  6445 | D:5      | Reached skill level 6 in Maces & Flails
  6452 | D:5      | Noticed Natasha
  6463 | D:5      | Killed Natasha
  6771 | D:6      | Found a staircase to the Ecumenical Temple.
  6970 | D:6      | Reached XP level 9. HP: 62/77 MP: 11/11
  7199 | D:6      | Found a bloodstained altar of Trog.
  7205 | D:6      | Found a shimmering altar of Xom.
  7330 | D:6      | Found a shimmering altar of Xom.
  7332 | D:6      | Found a shadowy altar of Dithmenos.
  7332 | D:6      | Found a glowing silver altar of Zin.
  7334 | D:6      | Found a snail-covered altar of Cheibriados.
  7334 | D:6      | Found a sacrificial altar of Ru.
  7334 | D:6      | Found a shimmering altar of Xom.
  7492 | D:7      | Reached skill level 7 in Maces & Flails
  8108 | D:7      | Noticed Joseph
  8121 | D:7      | Killed Joseph
  8121 | D:7      | Reached skill level 8 in Maces & Flails
  8651 | D:8      | Found a sparkling altar of Nemelex Xobeh.
  8736 | D:8      | Noticed a two-headed ogre
  8745 | D:8      | Killed a two-headed ogre
  9001 | D:8      | Found Xusuc's Assorted Antiques.
  9004 | D:8      | Bought a pair of runed gloves for 150 gold pieces
  9004 | D:8      | Bought a scroll of identify for 40 gold pieces
  9004 | D:8      | Bought 2 scrolls labeled ZOURAE DEDARY for 40 gold pieces
  9004 | D:8      | Bought a scroll labeled ZOURAE DEDARY for 20 gold pieces
  9067 | D:8      | Reached skill level 9 in Maces & Flails
  9080 | D:8      | Reached XP level 10. HP: 60/88 MP: 13/13
  9689 | D:9      | Reached skill level 10 in Maces & Flails
  9965 | D:9      | Noticed Grum
  9978 | D:9      | Killed Grum
 10335 | D:9      | Reached skill level 11 in Maces & Flails
 10406 | D:9      | Noticed Pikel
 10407 | D:9      | Noticed Erolcha
 10412 | D:9      | Killed Pikel
 10416 | D:9      | Killed Erolcha
 10642 | D:10     | Entered Level 10 of the Dungeon
 10872 | D:10     | Reached XP level 11. HP: 92/97 MP: 14/14
 10984 | D:10     | Noticed a two-headed ogre
 11000 | D:10     | Killed a two-headed ogre
 11229 | D:10     | Noticed Snorg
 11229 | D:10     | Noticed Maurice
 11426 | D:10     | Found a blossoming altar of Fedhas.
 11670 | D:10     | Reached skill level 1 in Armour
 12237 | D:11     | Noticed a two-headed ogre
 12261 | D:11     | Killed a two-headed ogre
 12261 | D:11     | Reached skill level 12 in Maces & Flails
 13062 | D:11     | Found a staircase to the Orcish Mines.
 13289 | D:11     | Reached skill level 10 in Fighting
 14607 | D:11     | Found a staircase to the Lair.
 14891 | Lair:1   | Entered Level 1 of the Lair of Beasts
 15943 | Lair:1   | Reached skill level 1 in Shields
 16122 | Lair:2   | Found a staircase to the Shoals.
 16127 | Lair:2   | Noticed AllRandomAllDemise's ghost (journeyman MiBe)
 16195 | Lair:2   | Reached skill level 13 in Maces & Flails
 16276 | Lair:2   | Reached XP level 12. HP: 98/107 MP: 15/15
 16431 | Lair:2   | Noticed a four-headed hydra
 16440 | Lair:2   | Killed a four-headed hydra
 16743 | Lair:2   | Killed AllRandomAllDemise's ghost
 16780 | Lair:2   | Reached skill level 5 in Armour
 19480 | Lair:4   | Found a staircase to the Snake Pit.
 19710 | Lair:4   | Reached skill level 14 in Maces & Flails
 19847 | Lair:4   | Noticed a four-headed hydra
 19857 | Lair:4   | Killed a four-headed hydra
 20199 | Lair:5   | Noticed a seven-headed hydra
 20209 | Lair:4   | Killed a seven-headed hydra
 20437 | Lair:4   | Reached XP level 13. HP: 92/116 MP: 16/16
 21098 | Lair:5   | Noticed Rupert
 21122 | Lair:5   | Killed Rupert
 21122 | Lair:5   | Reached skill level 5 in Shields
 21772 | Lair:5   | Found a staircase to the Slime Pits.
 22234 | Lair:6   | Entered Level 6 of the Lair of Beasts
 23926 | Lair:6   | Reached skill level 15 in Maces & Flails
 26131 | Lair:6   | Reached XP level 14. HP: 116/126 MP: 17/17
 28158 | D:13     | Reached skill level 1 in Dodging
 29387 | D:13     | Noticed a frost giant
 29405 | D:13     | Killed a frost giant
 30372 | D:13     | Noticed a tengu reaver
 30497 | D:13     | Killed a tengu reaver
 30499 | D:13     | Got an ichor-stained great mace {drain}
 30711 | D:13     | Identified the +9 great mace "Paocal" {drain, Int+3} (You took it off a tengu reaver on level 13 of the Dungeon)
 32061 | D:15     | Entered Level 15 of the Dungeon
 32266 | D:15     | Found a frozen archway.
 32413 | IceCv    | Entered an ice cave
 32654 | IceCv    | Reached skill level 16 in Maces & Flails
 33012 | D:15     | Reached XP level 15. HP: 110/135 MP: 18/18
 33770 | D:15     | Found a runed door.
 33772 | D:15     | Found a runed door.
 34186 | D:15     | Found a staircase to the Depths.
 34417 | D:15     | Found a runed warning-scrawled door.
 34833 | Orc:1    | Entered Level 1 of the Orcish Mines
 34868 | Orc:1    | Found Vaduwath's Assorted Antiques.
 35197 | Orc:1    | Bought a potion of curing for 90 gold pieces
 35197 | Orc:1    | Bought a runed helmet for 225 gold pieces
 35197 | Orc:1    | Bought a scroll of teleportation for 90 gold pieces
 35197 | Orc:1    | Bought a scroll of magic mapping for 105 gold pieces
 35223 | Orc:1    | Noticed Nergalle
 35237 | Orc:1    | Killed Nergalle
 35237 | Orc:1    | Reached skill level 5 in Dodging
 35502 | Orc:2    | Entered Level 2 of the Orcish Mines
 36524 | Orc:2    | Found a staircase to the Elven Halls.
 37214 | Orc:2    | Reached skill level 10 in Armour
 37353 | Orc:2    | Found Sehiviq's Assorted Antiques.
 37353 | Orc:2    | Found Boontiuq's Antique Weapon Boutique.
 37355 | Orc:2    | Found Goesunolo's Book Emporium.
 37355 | Orc:2    | Found Ohuaf's Book Boutique.
 37366 | Orc:2    | Bought a scroll of identify for 58 gold pieces
 37366 | Orc:2    | Bought a scroll of identify for 58 gold pieces
 37366 | Orc:2    | Bought a scroll of identify for 58 gold pieces
 37660 | Snake:1  | Entered Level 1 of the Snake Pit
 39346 | Snake:1  | Found Derik's Distillery.
 39418 | Snake:1  | Bought a potion of agility for 48 gold pieces
 39418 | Snake:1  | Bought a potion of mutation for 96 gold pieces
 39418 | Snake:1  | Bought a potion of invisibility for 96 gold pieces
 39418 | Snake:1  | Bought a potion of resistance for 120 gold pieces
 39418 | Snake:1  | Bought a potion of invisibility for 96 gold pieces
 39418 | Snake:1  | Bought a potion of haste for 120 gold pieces
 39418 | Snake:1  | Bought a potion of curing for 36 gold pieces
 39418 | Snake:1  | Bought a potion of heal wounds for 60 gold pieces
 40863 | Snake:2  | Noticed Aizul
 40891 | Snake:2  | Killed Aizul
 41121 | Snake:2  | Reached skill level 17 in Maces & Flails
 42831 | Snake:2  | Reached XP level 16. HP: 124/145 MP: 19/19
 45332 | Snake:3  | Noticed Kirke
 45854 | Snake:3  | HP: 13/146 [poisoned by a naga warrior (splash of poison)]
 45856 | Snake:3  | Killed from afar by a naga mage

Skill      XL: |  1  2  3  4  5  6  7  8  9 10 11 12 13 14 15 16 |
---------------+-------------------------------------------------+-----
Short Blades   | 2 |  2.0
Fighting       | 2 3 4 6 7 9 10 11 12 13 14 | 14.0
Polearms       | 1 2 3 4 5 |  5.2
Throwing       | 2 3 4 |  4.1
Maces & Flails | 3 6 9 11 13 14 15 16 17 | 17.4
Armour         | 4 6 7 9 10 | 10.8
Shields        | 1 4 6 7 |  7.7
Dodging        | 4 6 7 |  7.0
Stealth        | |  3.6

Action                   |  1- 3 |  4- 6 |  7- 9 | 10-12 | 13-15 | 16-18 || total
-------------------------+-------+-------+-------+-------+-------+-------++-------
Melee: Dagger            |    88 |   104 |       |       |       |       ||   192
       Mace              |       |       |   299 |  1014 |  2403 |       ||  3716
       Great mace        |       |       |       |       |    63 |   138 ||   201
 Fire: Shortbow          |       |   114 |    50 |       |       |       ||   164
       Blowgun           |       |    10 |       |       |       |       ||    10
Evoke: Wand              |       |       |     1 |    24 |    27 |       ||    52
       Lightning rod     |       |       |       |       |     4 |       ||     4
       Lamp of fire      |       |       |       |       |     1 |       ||     1
       Phial of floods   |       |       |       |       |     1 |       ||     1
  Use: Potion            |     2 |       |     1 |     5 |    10 |     3 ||    21
       Scroll            |       |       |    17 |    14 |    11 |     2 ||    44
 Stab: Sleeping          |     5 |       |     7 |       |       |       ||    12
       Distracted        |       |       |       |     1 |       |       ||     1
       Petrified         |       |       |       |       |     6 |       ||     6
       Petrifying        |       |       |       |       |     1 |       ||     1
       Paralysed         |       |       |       |       |     3 |       ||     3
  Eat: Ration            |       |     2 |       |     4 |    13 |     2 ||    21
       Chunk             |       |     2 |    16 |    26 |    30 |     3 ||    77
Armor: Robe              |     9 |       |       |       |       |       ||     9
       Ring mail         |    30 |    98 |   119 |       |       |       ||   247
       Plate armour      |       |       |    12 |   485 |   948 |   110 ||  1555
       Skin              |       |       |       |     3 |       |       ||     3
Dodge: Dodged            |    40 |   125 |   135 |   175 |   471 |    83 ||  1029
Block: Buckler           |       |       |       |    63 |   427 |       ||   490
